 Dungeon Crawl Stone Soup version 0.24-a0-459-g225fefd530 (webtiles) character file.

Game seed: 4837030176712681499

4251 Gildeon the Slinger (level 10, 0/66 HPs)
             Began as a Halfling Hunter on June 30, 2019.
             Was a Follower of Makhleb.
             Slain by a two-headed ogre
             ... wielding a +0 giant club
              (5 damage)
             ... on level 8 of the Dungeon.
             The game lasted 00:59:56 (8899 turns).

Gildeon the Slinger (Halfling Hunter)               Turns: 8899, Time: 00:59:57

Health: 0/66       AC:  8    Str: 13    XL:     10   Next: 56%
Magic:  13/13      EV: 23    Int:  9    God:    Makhleb [*.....]
Gold:   241        SH:  0    Dex: 19    Spells: 11/13 levels left

rFire    . . .     SeeInvis .   x - +4 dagger (venom)
rCold    . . .     Gourm    .   (shield restricted)
rNeg     . . .     Faith    .   g - +0 steam dragon scales
rPois    .         Spirit   .   (no helmet)
rElec    .         Reflect  .   (no cloak)
rCorr    .         Harm     .   k - +0 pair of gloves
MR       .....                  l - +0 pair of boots
Stlth    ++++......             (no amulet)
HPRegen  0.21/turn              b - +3 ring of evasion
MPRegen  0.13/turn              (no ring)

@: no status effects
A: small, mutation resistance 1
a: Renounce Religion


You were on level 8 of the Dungeon.
You worshipped Makhleb.
Makhleb was aware of your devotion.
You were not hungry.

You visited 2 branches of the dungeon, and saw 9 of its levels.

You collected 241 gold pieces.

Inventory:

Hand Weapons
 a - a +1 hunting sling
 p - a +1 short sword of protection
 s - a +2 dagger of electrocution
 x - a +4 dagger of venom (weapon)
Missiles
 j - 107 stones (quivered)
 t - a throwing net
 y - 5 sling bullets
Armour
 g - +0 steam dragon scales (worn)
 k - a +0 pair of gloves (worn)
 l - a +0 pair of boots (worn)
 B - the -1 cloak of Calculation {rN+ Str-3 Stlth+}
   (You found it on level 8 of the Dungeon)

   It affects your strength (-3).
   It protects you from negative energy.
   It makes you more stealthy.
Jewellery
 b - a +3 ring of evasion (left hand)
Wands
 c - a wand of digging (8)
Scrolls
 d - 4 scrolls of enchant armour
 e - 5 scrolls of teleportation
 m - 2 scrolls of remove curse
 n - 2 scrolls of amnesia {unknown}
 o - a scroll of immolation {unknown}
 v - a scroll of random uselessness {unknown}
 w - a scroll of enchant weapon {unknown}
Potions
 h - 3 potions of mutation
 i - 4 potions of curing
 q - 2 potions of ambrosia
 r - a potion of lignification {unknown}
 u - 2 potions of might
 z - a potion of agility {unknown}
 A - a potion of heal wounds {unknown}
Comestibles
 f - 21 rations
 C - a chunk of flesh


   Skills:
 - Level 5.0 Fighting
 - Level 5.0 Short Blades
 - Level 12.0 Slings
 - Level 5.0 Armour
 + Level 6.3 Dodging
 + Level 8.1 Stealth
 - Level 2.0 Spellcasting
 + Level 1.0 Transmutations


You had 11 spell levels left.
You knew the following spells:

 Your Spells              Type           Power        Failure   Level  Hunger
a - Passwall              Tmut/Erth      #.......     38%         2    ###....

Your spell library contained the following spells:

 Spells                   Type           Power        Failure   Level  Hunger
 Sandblast                Erth           #.....       32%         1    ##.....
 Stone Arrow              Conj/Erth      #.....       69%         3    ####...
 Petrify                  Tmut/Erth      #.......     95%         4    #####..
 Lee's Rapid Deconstruct  Erth           #.........   100%        5    ######.


Dungeon Overview and Level Annotations

Branches:
Dungeon (8/15)             Temple (1/1) D:7
   Lair: D:8-11

Altars:
Ashenzari
Cheibriados
Elyvilon
Fedhas
Gozag
Kikubaaqudgha
Makhleb
Nemelex Xobeh
Qazlal
Ru
Sif Muna
Trog
Uskayaw
Vehumet
Wu Jian
Yredelemnul
Zin
The Shining One

Shops:
D:5 }


Innate Abilities, Weirdness & Mutations

You are small and have problems with some larger weapons.
You are somewhat resistant to further mutation.


Message History

Wield which item (- for none, * to show all)? (? for menu, Esc to quit)
Your +4 dagger of venom begins to drip with poison!
x - a +4 dagger of venom (weapon)
The two-headed ogre shouts in stereo!
The two-headed ogre closely misses you. The two-headed ogre misses you.
There is an open door here.
There is an escape hatch in the floor here.
You hit the two-headed ogre.
The two-headed ogre is poisoned.
The two-headed ogre is lightly wounded.
The two-headed ogre hits you with a +0 giant club!!
Ouch! That really hurt!
The two-headed ogre hits you with a +0 giant club!
* * * LOW HITPOINT WARNING * * *
The two-headed ogre looks more healthy.
You puncture the two-headed ogre!
The two-headed ogre is poisoned.
The two-headed ogre is severely wounded.
The two-headed ogre hits you with a +0 giant club!
* * * LOW HITPOINT WARNING * * *
The two-headed ogre hits you with a +0 giant club.
You die...

#.#..............>
#.#.##############
#.#.#.....#
#.#.#.#...#
#.#.#.#...#
#.#.#'#...#
#.#.......#
#O#.......#
#@#....#.##
#.#....#.#
#.#....#.#
#.#....#.#
#.#....#..
#)#....###
#)#....# #.# #)#


You could see a two-headed ogre.

Vanquished Creatures
  3 hippogriffs
  A spriggan (D:7)
  A steam dragon (D:7)
  A water moccasin (D:6)
  3 ice beasts
  3 orc warriors
  2 phantoms
  5 sky beasts
  3 ogres
  A centaur (D:6)
  3 big kobolds
  4 bullfrogs
  3 scorpions (D:6)
  A howler monkey (D:5)
  A crimson imp (D:7)
  A bullfrog zombie (D:5)
  2 hounds
  2 jellies
  3 orc priests
  10 orc wizards
  Jessica (D:2)
  3 worker ants
  Natasha (thrice) (D:3)
  A centaur skeleton (D:6)
  2 iguanas
  A hound skeleton (D:4)
  2 worker ant zombies
  5 gnolls
  8 adders
  5 oozes
  2 adder zombies (D:6)
  An adder skeleton (D:5)
  6 worms
  4 dart slugs
  3 leopard geckos
  29 orcs
  5 giant cockroaches
  6 goblins
  5 hobgoblins
  12 jackals
  18 kobolds
  3 quokkas
  2 ball pythons
  10 bats
  5 frilled lizards
  15 rats
210 creatures vanquished.

Notes
Turn   | Place    | Note
-------+----------+-------------------------------------------
     0 | D:1      | Gildeon the Halfling Hunter began the quest for the Orb.
     0 | D:1      | Reached XP level 1. HP: 14/14 MP: 1/1
    73 | D:1      | Reached skill level 6 in Slings
    80 | D:1      | Reached XP level 2. HP: 19/19 MP: 2/2
   488 | D:1      | Reached XP level 3. HP: 24/24 MP: 3/3
  1025 | D:1      | Reached XP level 4. HP: 25/29 MP: 4/4
  1229 | D:2      | Noticed Jessica
  1233 | D:2      | Killed Jessica
  1253 | D:2      | Reached XP level 5. HP: 30/34 MP: 5/5
  1425 | D:2      | Reached skill level 7 in Slings
  1875 | D:2      | Found a snail-covered altar of Cheibriados.
  2078 | D:3      | Noticed Natasha
  2086 | D:3      | Killed Natasha
  2110 | D:3      | Reached XP level 6. HP: 34/39 MP: 6/6
  2142 | D:3      | Noticed Natasha
  2145 | D:3      | Killed Natasha
  2199 | D:3      | Noticed Natasha
  2205 | D:3      | Killed Natasha
  2599 | D:3      | Reached skill level 8 in Slings
  2855 | D:3      | Reached XP level 7. HP: 44/44 MP: 7/7
  3014 | D:4      | Reached skill level 5 in Dodging
  3022 | D:4      | Reached skill level 5 in Stealth
  3304 | D:4      | Reached skill level 1 in Armour
  3390 | D:4      | Learned a level 2 spell: Passwall
  3593 | D:5      | Entered Level 5 of the Dungeon
  3605 | D:5      | Reached skill level 9 in Slings
  3605 | D:5      | Reached XP level 8. HP: 36/51 MP: 8/8
  4172 | D:5      | Found an ancient bone altar of Kikubaaqudgha.
  4172 | D:5      | Found a blossoming altar of Fedhas.
  4333 | D:5      | Found Bethrar's Gadget Emporium.
  4667 | D:5      | Found a sacrificial altar of Ru.
  4714 | D:5      | Reached skill level 10 in Slings
  4912 | D:5      | Found a radiant altar of Vehumet.
  5504 | D:6      | Found a bloodstained altar of Trog.
  5787 | D:6      | Reached XP level 9. HP: 55/58 MP: 9/9
  5904 | D:6      | Reached skill level 5 in Armour
  6056 | D:6      | Found an opulent altar of Gozag.
  6082 | D:6      | Reached skill level 1 in Short Blades
  6088 | D:6      | Found a sparkling altar of Nemelex Xobeh.
  6163 | D:6      | Reached skill level 5 in Fighting
  6163 | D:6      | Reached skill level 11 in Slings
  7065 | D:7      | Found a staircase to the Ecumenical Temple.
  7158 | D:7      | Noticed a hippogriff
  7180 | D:7      | Killed a hippogriff
  7180 | D:7      | Reached skill level 12 in Slings
  7180 | D:7      | Reached XP level 10. HP: 54/66 MP: 10/10
  7273 | Temple   | Entered the Ecumenical Temple
  7349 | Temple   | Became a worshipper of Makhleb the Destroyer
  7450 | D:7      | Reached skill level 5 in Short Blades
  7455 | D:7      | Reached skill level 1 in Spellcasting
  8501 | D:8      | Reached * piety under Makhleb
  8501 | D:8      | Reached skill level 1 in Transmutations
  8756 | D:8      | Got a smoking cloak
  8772 | D:8      | Identified the cursed -1 cloak of Calculation {rN+ Str-3
                  | Stlth+} (You found it on level 8 of the Dungeon)
  8840 | D:8      | Noticed a two-headed ogre
  8899 | D:8      | Slain by a two-headed ogre

Levels and vault maps discovered:
D:1:      psy_arrival_spokes, layout_basic
D:2:      layout_basic, cheibriados_altar_1, first_ration, uniq_jessica
D:3:      minmay_recursive_quarters, layout_loops_ring, dk_vineyard_3,
          uniq_natasha
D:4:      layout_rooms
D:5:      layout_loops_corners, grunt_temple_overflow_growth_and_decay,
          kennysheep_mini, nicolae_ru_awakened_eye, serial_shops,
          kennysheep_mini_moat, grunt_ministairs_14
D:6:      layout_loops_ring, grunt_temple_overflow_opulence, bloody_trog
D:7:      layout_rooms, minmay_temple_entry_tees, the_bakery, st_stairs_8
D:8:      kb_forest_paths, layout_basic, kennysheep_little_box,
          nicolae_overflow_hidden_temple, gammafunk_ghost_spectres
Temple:   eino_wide_crystal_templ

Skill      XL: |  1  2  3  4  5  6  7  8  9 10 |
---------------+-------------------------------+-----
Slings         | 6 7 8 9 10 12 | 12.0
Stealth        | 2 3 4 5 6 8 |  8.1
Dodging        | 3 4 5 6 |  6.3
Fighting       | 2 4 5 |  5.0
Armour         | 2 4 5 |  5.0
Short Blades   | 4 5 |  5.0
Spellcasting   | 2 |  2.0
Transmutations | 1 |  1.0

Action                   |  1- 3 |  4- 6 |  7- 9 | 10-12 || total
-------------------------+-------+-------+-------+-------++-------
Melee: Dagger            |       |     3 |    76 |     8 ||    87
       Hunting sling     |       |       |       |     1 ||     1
 Fire: Hunting sling     |    83 |   207 |   463 |   198 ||   951
  Use: Scroll            |       |     3 |     4 |     2 ||     9
 Stab: Sleeping          |       |     2 |     9 |     3 ||    14
  Eat: Chunk             |       |     5 |     6 |     5 ||    16
       Ration            |       |       |     2 |       ||     2
Armor: Leather armour    |     8 |    15 |    36 |     4 ||    63
       Steam dragon scal |       |       |       |     9 ||     9
Dodge: Dodged            |    30 |    45 |   149 |    76 ||   300

Table legend:
 A = Non-vault XP
 B = Vault XP
 C = Vault XP percentage of total XP
 D = Non-vault monster count
 E = Vault monster count
 F = Vault count percentage of total count
                 A         B        C        D         E       F
            +---------+---------+-------+---------+---------+-------
      Total |    5563 |     511 |   8.4 |     194 |      16 |   7.6
            +---------+---------+-------+---------+---------+-------
        D:1 |      72 |       0 |   0.0 |      29 |       0 |   0.0
        D:2 |     121 |      37 |  23.4 |      29 |       1 |   3.3
        D:3 |     228 |      62 |  21.4 |      27 |      11 |  28.9
        D:4 |     462 |       0 |   0.0 |      14 |       0 |   0.0
        D:5 |     831 |      92 |  10.0 |      22 |       2 |   8.3
        D:6 |    1558 |       0 |   0.0 |      28 |       0 |   0.0
        D:7 |    1753 |     320 |  15.4 |      30 |       2 |   6.2
        D:8 |     538 |       0 |   0.0 |      15 |       0 |   0.0
            +---------+---------+-------+---------+---------+-------
